 Dungeon Crawl Stone Soup version 0.26-a0-651-gb41185065b (webtiles) character file.

Game seed: 14111143277245012692

77 Irenicus the Digger (level 4, 0/36 HPs)
             Began as a Deep Dwarf Earth Elementalist on Oct 24, 2020.
             Killed from afar by an orc wizard (7 damage)
             ... with a magic dart
             ... on level 3 of the Dungeon.
             The game lasted 00:04:58 (916 turns).

Irenicus the Digger (Deep Dwarf Earth Elementalist)  Turns: 916, Time: 00:04:59

Health: 0/36       AC:  3    Str: 12    XL:     4   Next: 13%
Magic:  1/8        EV: 12    Int: 16    God:
Gold:   114        SH:  0    Dex: 13    Spells: 5/8 levels left

rFire    . . .     SeeInvis .   c - +0 club
rCold    . . .     Faith    +   (no shield)
rNeg     . . .     Spirit   .   g - +0 leather armour
rPois    +         Reflect  .   (no helmet)
rElec    .         Harm     .   (no cloak)
rCorr    .         Rampage  .   (no gloves)
MR       .....                  (no boots)
Stlth    ++........             p - amulet of faith {Faith, !P}
HPRegen  0.00/turn              h - ring of poison resistance {rPois, !d}
MPRegen  0.11/turn              (no ring)

@: stab, non-regenerating
A: damage resistance, heal wounds, sense surroundings 1, no regeneration
a: Heal Wounds


You were on level 3 of the Dungeon.
You visited 1 branch of the dungeon, and saw 3 of its levels.

You collected 114 gold pieces.

Inventory:

Hand Weapons
 c - a +0 club (weapon)
   (You took it off a kobold on level 1 of the Dungeon)
Missiles
 b - 58 stones (quivered)
Armour
 g - a +0 leather armour (worn)
   (You found it on level 1 of the Dungeon)
Jewellery
 h - a ring of poison resistance (left hand) {rPois, !d}
   (You found it on level 1 of the Dungeon)
 p - an amulet of faith (around neck) {Faith, !P}
   (You found it on level 2 of the Dungeon)
Scrolls
 a - a scroll of immolation {unknown}
 f - a scroll of teleportation
 i - a scroll of enchant weapon {unknown}
 l - a scroll of blinking {unknown}
 m - 2 scrolls of remove curse {unknown}
 n - a scroll of amnesia {unknown}
 o - a scroll of noise {unknown}
 q - a scroll of identify {unknown}
Potions
 d - a potion of haste {unknown}
 e - a potion of heal wounds
 j - a potion of stabbing
 k - 3 potions of curing {unknown}
 r - a potion of flight {unknown}


   Skills:
 - Level 2.1 Dodging
 - Level 2.4 Stealth
 + Level 2.9 Spellcasting
 - Level 0.8 Transmutations
 + Level 5.4 Earth Magic


You had 5 spell levels left.
You knew the following spells:

 Your Spells              Type           Power        Failure   Level
a - Sandblast             Erth           ###...       2%          1
w - Passwall              Tmut/Erth      ##......     10%         2

Your spell library contained the following spells:

 Spells                   Type           Power        Failure   Level
 Stone Arrow              Conj/Erth      ##....       24%         3
 Petrify                  Tmut/Erth      ##......     54%         4
 Lee's Rapid Deconstruct  Erth           ###.......   56%         5


Dungeon Overview and Level Annotations

Branches:
Dungeon (3/15)

Altars:
Dithmenos
Xom


Innate Abilities, Weirdness & Mutations

You are resistant to damage.
You can heal yourself by infusing magical energy.
You passively map a small area around you.
You do not regenerate.


Message History

2 orcs come into view.
The orc barely misses you.
An orc comes into view. It is wielding a +0 club.
The orc shouts! x2
The orc closely misses you.
There is an open door here.
Casting: Sandblast (safe; 2% risk of failure)
Confirm with . or Enter, or press ? or * to list all spells.
Aiming: Sandblast (safe; 2% risk of failure)
Press: ? - help, Shift-Dir - straight line, f - orc
Aim: an orc, wielding a +0 trident The blast of sand hits the orc!
You kill the orc!
b - 62 stones You hear a shout!
The orc wizard gestures wildly while chanting.
The orc wizard flickers and vanishes!
Deactivating autopickup; reactivate with Ctrl-A.
You hear a shout!
You now have 4/8 mp.
Casting: Sandblast (safe; 2% risk of failure)
Confirm with . or Enter, or press ? or * to list all spells.
Press: ? - help, Shift-Dir - straight line, f - orc
Aim: an orc, wielding a -2 short sword and wearing a +0 leather armour The blast of sand hits the orc!
You kill the orc!
b - 61 stones You now have 3/8 mp.
There is a shimmering altar of Xom here.
Things that are here:
a cursed -2 short sword; a +0 leather armour; an orc corpse
Casting: Sandblast (safe; 2% risk of failure)
Confirm with . or Enter, or press ? or * to list all spells.
Press: ? - help, Shift-Dir - straight line
b - 60 stones Something hits you.
You now have 2/8 mp.
Casting: Sandblast (safe; 2% risk of failure)
Confirm with . or Enter, or press ? or * to list all spells.
Press: ? - help, Shift-Dir - straight line The blast of sand hits something but does no damage.
b - 59 stones The orc misses you.
Something hits you.
An orc comes into view. It is wielding a +0 whip.
You now have 1/8 mp.
Casting: Sandblast (safe; 2% risk of failure)
Confirm with . or Enter, or press ? or * to list all spells.
Press: ? - help, Shift-Dir - straight line The blast of sand hits something.
b - 58 stones Something hits you but does no damage.
The orc hits you with a +0 war axe.
You take 5 damage, and have 12/36 hp.
You now have 0/8 mp.
It was a potion of stabbing.
You feel ready to backstab.
You hear some strange, mumbled words.
Something tries to affect you, but you resist.
The orc barely misses you.
An orc comes into view. It is wielding a +0 dagger.
You miss something.
You hear some strange, mumbled words.
You are confused.
The orc hits you but does no damage. Something barely misses you.
It was a potion of heal wounds.
You feel much better. The orc hits you with a +0 war axe.
Something hits you but does no damage.
Health restored: 36 You bump into the rock wall.
You hear some strange, mumbled words.
A magic dart appears from out of thin air!
The magic dart hits you.
An orc opens the door.
You take 4 damage, and have 32/36 hp.
You miss the orc.
You hear some strange, mumbled words.
A magic dart appears from out of thin air!
The magic dart hits you!
You take 7 damage, and have 25/36 hp.
You miss the orc. The orc closely misses you. Something hits you.
The orc hits you with a +0 club.
You take 1 damage, and have 24/36 hp.
You're too confused to move!
Something hits you but does no damage. The orc misses you.
The orc hits you with a +0 club.
You take 3 damage, and have 21/36 hp.
You bump into the rock wall.
Something hits you but does no damage. The orc closely misses you. x2
You're too confused to cast spells.
Okay, then.
You closely miss the orc.
You feel less confused. Something hits you but does no damage.
The orc misses you. The orc hits you with a +0 war axe. Something hits you.
You take 5 damage, and have 16/36 hp.
You hit the orc.
The orc is heavily wounded.
The dart slug launches a dart at you.
The slug dart hits something but does no damage.
The orc hits you with a +0 club. The orc hits you with a +0 war axe!
* * * LOW HITPOINT WARNING * * *
You hear some strange, mumbled words.
A magic dart appears from out of thin air!
The magic dart hits you!
You die...

* .># #......# *
*#.# ######.# ,*
#.# #.# ###
#####.# #.# #o.
......##########.#
#o# #.#
#..>.........# #.#
#.# #..###########
#.###o###.##
#.ooo@{w..#
#.#######.# #.#
### #.# #.# ###
#.# #..,... ..#
#.. ..# .##
##....... #######*


You could see a dart slug and 4 orcs.

Vanquished Creatures
  An orc wizard (D:3)
  An adder (D:2)
  2 oozes
  A dart slug (D:2)
  A leopard gecko (D:1)
  5 orcs (D:3)
  2 giant cockroaches (D:3)
  A goblin (D:3)
  3 hobgoblins
  3 kobolds
  4 bats
  A frilled lizard (D:2)
  A rat (D:1)
26 creatures vanquished.

Notes
Turn   | Place    | Note
-------+----------+-------------------------------------------
     0 | D:1      | Irenicus the Deep Dwarf Earth Elementalist began the quest
                  | for the Orb.
     0 | D:1      | Reached XP level 1. HP: 15/15 MP: 3/3
   123 | D:1      | Reached skill level 2 in Spellcasting
   269 | D:1      | Reached XP level 2. HP: 22/22 MP: 3/5
   460 | D:2      | Found a faded altar of an unknown god.
   567 | D:2      | Learned a level 2 spell: Passwall
   678 | D:2      | Reached XP level 3. HP: 20/28 MP: 3/6
   786 | D:3      | Found a shadowy altar of Dithmenos.
   790 | D:3      | Reached skill level 5 in Earth Magic
   856 | D:3      | Reached XP level 4. HP: 17/36 MP: 1/8
   890 | D:3      | Found a shimmering altar of Xom.
   916 | D:3      | HP: 7/36 [orc/+0 war axe (9)]
   916 | D:3      | Killed from afar by an orc wizard

Illustrated notes

Levels and vault maps discovered:
D:1:      dpeg_arrival_stonehenge_8_columns, layout_loops_ring,
          serial_bayou_pond_e
D:2:      layout_loops_ring, serial_rivers, chequers_serial_rivers_room_b,
          chequers_serial_rivers_large_b, chequers_serial_rivers_micro_e,
          chequers_serial_rivers_marsh, chequers_serial_rivers_room_a,
          chequers_serial_rivers_small_b,
          chequers_ecumenical_altar_simple_redux, patterned_corridor
D:3:      layout_basic, marbit_many_paths, lemuel_doored_altar,
          grunt_dithmenos_smoke_and_mirrors, uniq_crazy_yiuf_cottage

Skill      XL: |  1  2  3 |
---------------+----------+-----
Spellcasting   | 2 |  2.9
Earth Magic    | 5 |  5.4
Dodging        | |  2.1
Stealth        | |  2.4
Transmutations | |  0.8

Action                   |  1- 3 |  4- 6 || total
-------------------------+-------+-------++-------
Melee: Club              |    24 |     5 ||    29
 Cast: Sandblast         |    35 |     6 ||    41
       Passwall          |     3 |       ||     3
  Use: Scroll            |     1 |       ||     1
       Potion            |       |     2 ||     2
Armor: Leather armour    |     8 |     5 ||    13
Dodge: Dodged            |    24 |    10 ||    34

Table legend: (Time is in decaauts)
 A = Elapsed time spent in this place.
 B = Non-inter-level travel time spent in this place.
 C = Inter-level travel time spent in this place.
 D = Time resting spent in this place.
 E = Time spent auto-exploring this place.
 F = Levels seen in this place.
 G = Mean time per level.
                   A        B        C        D        E       F      G
               +--------+--------+--------+--------+--------+-----+--------+
         Total |    952 |    952 |      0 |      0 |      0 |   3 |  317.3 |
       Dungeon |    952 |    952 |      0 |      0 |      0 |   3 |  317.3 |
               +--------+--------+--------+--------+--------+-----+--------+

Top non-repeatable levels by time:
     D:2: 517 daAuts
     D:1: 291 daAuts
     D:3: 143 daAuts

Table legend:
 A = Kills in this place as a percentage of kills in entire the game.
 B = Kills by you in this place as a percentage of kills by you in the entire game.
 C = Kills by friends in this place as a percentage of kills by friends in the entire game.
 D = Other kills in this place as a percentage of other kills in the entire game.
 E = Experience gained in this place as a percentage of experience gained in the entire game.
 F = Experience gained in this place divided by the number of levels of this place that you have seen.
                   A       B       C       D       E      F
               +-------+-------+-------+-------+-------+----------------------
         Total | 100.0 | 100.0 |   N/A |   N/A | 100.0 |  36.7
       Dungeon | 100.0 | 100.0 |   N/A |   N/A | 100.0 |  36.7
               +-------+-------+-------+-------+-------+----------------------
